 Dungeon Crawl Stone Soup version 0.27.0-1-g7a089689b8 (webtiles) character file.

Game seed: 1716342438804581674

33125 RedPan the Carver (level 13, -13/95 HPs)
             Began as a Demonspawn Ice Elementalist on Aug 9, 2021.
             Was the Champion of Cheibriados.
             Mangled by Rupert (19 damage)
             ... on level 5 of the Lair of Beasts.
             The game lasted 00:44:49 (15378 turns).

RedPan the Carver (Demonspawn Ice Elementalist)    Turns: 15378, Time: 00:44:49

Health: -13/95     AC: 36    Str: 29    XL:     13   Next: 35%
Magic:  18/20      EV: 20    Int: 34    God:    Cheibriados [******]
Gold:   515        SH:  8    Dex: 28    Spells: 11/22 levels left

rFire    + . .     SeeInvis .   q - +6 double sword (protect)
rCold    . . .     Faith    .   W - +1 buckler {AC+3}
rNeg     . . .     Spirit   .   l - quicksilver dragon scales
rPois    +         Reflect  .   P - +0 helmet
rElec    .         Harm     .   e - +2 cloak
rCorr    .         Rampage  .   g - +2 pair of gloves of Fisi {rPois}
Will     ++...                  (boots unavailable)
Stlth    ++........             r - amulet of regeneration
HPRegen  1.25/turn              K - ring of protection from fire
MPRegen  0.17/turn              Q - ring of willpower

@: mighty, ice-armoured, under a protective aura, very slow
A: talons 3, ignite blood 1, powered by death 1, big brain 1
a: Renounce Religion, Bend Time, Temporal Distortion, Slouch, Step From Time


You were on level 5 of the Lair of Beasts.
You worshipped Cheibriados.
Cheibriados was exalted by your worship.
You visited 2 branches of the dungeon, and saw 16 of its levels.
You also visited: Ossuary.

You collected 981 gold pieces.
You spent 466 gold pieces at shops.

Inventory:

Hand Weapons
 a - a +3 scimitar
 q - a +6 double sword of protection (weapon)
 B - a +1 whip of flaming
 F - a +5 halberd
 G - a +5 falchion of freezing
Missiles
 V - 2 throwing nets
Armour
 e - a +2 cloak (worn)
 g - the +2 pair of gloves of Fisi (worn) {rPois}
   (You acquired it on level 8 of the Dungeon)

   rPois:     It protects you from poison.
 l - quicksilver dragon scales (worn)
 M - a +0 plate armour
 O - a +0 kite shield
 P - a +0 helmet (worn)
 W - a +1 buckler of protection (worn)
Jewellery
 c - a ring of flight
 j - a ring of poison resistance
 r - an amulet of regeneration (around neck)
 y - an amulet of magic regeneration
 J - a ring of resist corrosion
 K - a ring of protection from fire (left hand)
 L - a ring of positive energy
 Q - a ring of willpower (right hand)
Wands
 i - a wand of charming (6)
 o - a wand of paralysis (19)
 u - a wand of acid (1)
 R - a wand of mindburst (11)
 S - a wand of iceblast (9)
Scrolls
 h - 3 scrolls of immolation
 m - 3 scrolls of enchant armour
 p - 9 scrolls of teleportation
 t - a scroll of magic mapping
 w - 2 scrolls of fog
 D - a scroll of amnesia
 I - 2 scrolls of silence
Potions
 b - 2 potions of lignification
 d - 4 potions of ambrosia
 f - 2 potions of flight
 k - 3 potions of magic
 n - a potion of invisibility
 s - a potion of cancellation
 v - 2 potions of attraction
 x - a potion of brilliance {unknown}
 z - 2 potions of might
 A - 4 potions of mutation
 C - 4 potions of curing
 E - a potion of resistance {unknown}
 H - 3 potions of heal wounds
 U - 3 potions of berserk rage {unknown}


   Skills:
 + Level 6.8 Fighting
 * Level 11.3 Long Blades
 + Level 9.4 Armour
 + Level 8.8 Dodging
 - Level 2.0 Stealth
 - Level 4.0 Shields
 - Level 5.0 Spellcasting
 + Level 4.0 Transmutations
 - Level 7.0 Ice Magic
 + Level 3.9 Earth Magic
 + Level 5.0 Invocations


You had 11 spell levels left.
You knew the following spells:

 Your Spells              Type           Power      Damage    Failure   Level
b - Frozen Ramparts       Ice            100%       1d12      1%          3
c - Ozocubu's Armour      Ice            54%        N/A       1%          3
d - Passwall              Tmut/Erth      29%        N/A       1%          2
e - Stone Arrow           Conj/Erth      42%        3d9       9%          3

Your spell library contained the following spells:

 Spells                   Type           Power      Damage    Failure   Level
 Freeze                   Ice            100%       1d11      1%          1
 Wereblood                Tmut           35%        N/A       1%          2
 Sting                    Tmut/Pois      88%        1d7       2%          1
 Ensorcelled Hibernation  Hex/Ice        64%        N/A       2%          2
 Animate Skeleton         Necr           16%        N/A       6%          1
 Apportation              Tloc           16%        N/A       6%          1
 Corona                   Hex            8%         N/A       6%          1
 Magic Dart               Conj           32%        1d4       6%          1
 Summon Small Mammal      Summ           32%        N/A       6%          1
 Poisonous Vapours        Pois/Air       16%        N/A       9%          2
 Searing Ray              Conj           16%        3d3       9%          2
 Slow                     Hex            8%         N/A       9%          2
 Sublimation of Blood     Necr           4%         N/A       9%          2
 Petrify                  Tmut/Erth      35%        N/A       12%         4
 Hailstorm                Conj/Ice       32%        3d8       14%         4
 Confusing Touch          Hex            8%         N/A       19%         3
 Tukima's Dance           Hex            8%         N/A       19%         3
 Vampiric Draining        Necr           4%         2d6       19%         3
 Animate Armour           Summ/Erth      42%        N/A       26%         4
 Animate Dead             Necr           4%         N/A       52%         4
 Fulminant Prism          Conj/Hex       4%         3d6       52%         4
 Olgreb's Toxic Radiance  Pois           8%         N/A       52%         4
 Summon Lightning Spire   Summ/Air       8%         N/A       52%         4
 Alistair's Intoxication  Tmut/Pois      14%        N/A       58%         5
 Borgnjor's Vile Clutch   Necr/Erth      10%        N/A       58%         5
 Irradiate                Conj/Tmut      11%        3d17      58%         5
 Manifold Assault         Tloc           8%         N/A       86%         5
 Statue Form              Tmut/Erth      23%        N/A       88%         6
 Death Channel            Necr           4%         N/A       100%        6
 Dispersal                Tloc           4%         N/A       100%        6
 Invisibility             Hex            4%         N/A       100%        6
 Storm Form               Tmut/Air       11%        N/A       100%        7
 Lehudib's Crystal Spear  Conj/Erth      10%        10d4      100%        8
 Maxwell's Capacitive Co  Air            4%         ∞         100%        8


Dungeon Overview and Level Annotations

Branches:
Dungeon (11/15)            Temple (0/1) D:7            Lair (5/6) D:10
  Swamp (0/4) Lair:3        Snake (0/4) Lair:3          Orc (0/2) D:11
Ossuary (visited)
  Slime: Lair:5-6

Altars:
Ashenzari
Cheibriados
Gozag
Hepliaklqana
Makhleb
Ru
Uskayaw
Xom
Zin

Shops:
D:1 !   D:8 *   D:9 [:*

Annotations:
D:5 1 runed translucent door, Amplified's ghost, novice MiWr
D:11 exclusion: ice statue
Lair:5 Rupert


Innate Abilities, Weirdness & Mutations

You have claws for feet.
Your demonic aura sometimes causes spilled blood to erupt in flames.
You regenerate a little health from kills.
You have an unusually large brain. (Int +2)


Message History

That's the wrong kind of item! (Use * to select it.) Evoke which item? (* to show all) (? for menu, Esc to quit)
Okay, then.
Aiming: Corrosive Bolt
Press: ? - help, Shift-Dir - straight line, f - Rupert
Aim: Rupert, wielding a +2 great mace of protection and wearing a +0 chain mail (berserk, 79% to hit)
The bolt of acid hits Rupert!
Rupert is splashed with acid.
The acid corrodes Rupert!
Rupert is lightly wounded.
Rupert hits you with a +2 great mace of protection!!
Rupert completely misses you.
You riposte.
You slice Rupert!!
Your weapon exudes an aura of protection.
Your kick misses Rupert.
Rupert is lightly wounded.
You feel much better. Rupert barely misses you.
You slice Rupert!! Your kick misses Rupert.
Rupert is moderately wounded.
Rupert is engulfed in blazing flames.
Rupert hits you with a +2 great mace of protection!!
* * * LOW HITPOINT WARNING * * *
Rupert is engulfed in blazing flames.
Rupert hits you with a +2 great mace of protection.
* * * LOW HITPOINT WARNING * * *
You barely miss Rupert. You claw Rupert.
Rupert is heavily wounded.
Rupert is engulfed in blazing flames.
You block Rupert's attack.
Unknown command.
You hit Rupert. You claw Rupert!
Rupert is heavily wounded.
Rupert is engulfed in blazing flames.
Rupert misses you.
You riposte.
You slash Rupert! You claw Rupert!
Rupert is severely wounded.
You closely miss Rupert. Your kick misses Rupert.
Rupert is severely wounded.
Rupert is engulfed in blazing flames.
Rupert hits you with a +2 great mace of protection!!
* * * LOW HITPOINT WARNING * * *
Rupert is engulfed in blazing flames.
Rupert hits you with a +2 great mace of protection!!
You die...

..P.......[.#.##
PPP.....#.......
#
#.P.............
#.#.P......P..P.
#...##........#
#...#....†P..#
#......†<..#
..#..°...##
#.@....#
#...@.........
#...............
##..........#...
..#...##.[......
##.....
...#..... ....#.
..#..... #....#
.......


You could see Rupert (berserk, corroded).

Vanquished Creatures
  Snorg (D:10)
  5 hydras
  A boulder beetle (Lair:4)
  A two-headed ogre (D:11)
  5 death yaks
  Urug (D:11)
  Nergalle (Lair:3)
  Pikel (D:6)
  7 cane toads
  2 black mambas (Lair:4)
  2 kobold demonologists (D:11)
  A rime drake (Lair:3)
  12 komodo dragons
  4 hornets
  A polar bear (Lair:4)
  A meliai (D:10)
  4 blink frogs (Lair:4)
  2 shadows (D:10)
  A wraith (D:9)
  4 wyverns
  12 spriggans (Lair:4)
  A basilisk (Lair:4)
  16 yaks
  4 nagas (Lair:3)
  3 acid dragons
  10 water moccasins
  4 black bears
  3 orc warriors
  2 ice beasts
  A necrophage (D:7)
  2 sky beasts (D:5)
  2 ogres
  3 boggarts (Lair:4)
  2 centaurs
  4 lemures (D:6)
  15 wolves
  5 kobold brigands
  12 bullfrogs
  12 scorpions
  A water moccasin skeleton (D:6)
  13 wights
  5 killer bees (D:8)
  4 electric eels
  A howler monkey (D:10)
  2 hounds
  3 human zombies (Ossuary)
  A jelly (D:5)
  2 bullfrog skeletons (D:6)
  7 orc priests
  A centaur skeleton (D:4)
  2 centaur zombies
  3 gnoll shamans
  Jessica (D:2)
  2 scorpion zombies (Ossuary)
  7 hell rats (Lair:2)
  3 iguanas
  5 orc wizards
  3 mummies (Ossuary)
  A hound skeleton (D:5)
  A howler monkey zombie (D:9)
  15 gnolls
  5 adders
  2 white imps
  A worm (D:2)
  33 orcs
  6 ball pythons
  5 endoplasms
  2 giant cockroaches (D:3)
  2 goblins
  6 hobgoblins
  2 jackals (D:1)
  21 kobolds
  5 quokkas
  5 bats
  3 frilled lizards
  5 gnoll zombies (Ossuary)
  3 goblin zombies (Ossuary)
  A jackal skeleton (D:4)
  A kobold zombie (Ossuary)
  8 orc zombies (Ossuary)
  4 rats
373 creatures vanquished.

Vanquished Creatures (others)
  10 fungi
  23 plants
33 creatures vanquished.

Grand Total: 406 creatures vanquished

Notes
Turn   | Place    | Note
-------+----------+-------------------------------------------
     0 | D:1      | RedPan the Demonspawn Ice Elementalist began the quest for
                  | the Orb.
     0 | D:1      | Reached XP level 1. HP: 13/13 MP: 3/3
   350 | D:1      | Found Iran Uniq's Distillery.
   633 | D:1      | Found a faded altar of an unknown god.
   642 | D:1      | Became a worshipper of Cheibriados the Contemplative
   642 | D:1      | Reached * piety under Cheibriados
   676 | D:1      | Gained mutation: You have sharp toenails. [demonic
                  | ancestry]
   676 | D:1      | Reached XP level 2. HP: 18/19 MP: 3/5
  1578 | D:2      | Noticed Jessica
  1587 | D:2      | Killed Jessica
  1588 | D:2      | Reached XP level 3. HP: 21/24 MP: 4/7
  2164 | D:2      | Found a shimmering altar of Xom.
  2170 | D:2      | Gained mutation: You have razor-sharp toenails. [demonic
                  | ancestry]
  2170 | D:2      | Reached XP level 4. HP: 28/30 MP: 6/8
  2399 | D:3      | Learned a level 3 spell: Frozen Ramparts
  2403 | D:3      | Learned a level 3 spell: Ozocubu's Armour
  2644 | D:3      | Found an opulent altar of Gozag.
  2711 | D:3      | Reached ** piety under Cheibriados
  3278 | D:4      | Found a sacrificial altar of Ru.
  3325 | D:4      | Found a hide-covered altar of Uskayaw.
  3335 | D:4      | Reached skill level 1 in Fighting
  3349 | D:4      | Gained mutation: You have an unusually large brain. (Int
                  | +2) [demonic ancestry]
  3349 | D:4      | Reached XP level 5. HP: 37/37 MP: 10/10
  3519 | D:4      | Found a hazy altar of Hepliaklqana.
  3598 | D:5      | Entered Level 5 of the Dungeon
  3609 | D:5      | Reached skill level 1 in Armour
  3818 | D:5      | Found a sand-covered staircase.
  3827 | Ossuary  | Entered an ossuary
  3991 | Ossuary  | Reached XP level 6. HP: 36/44 MP: 11/11
  4063 | Ossuary  | Reached *** piety under Cheibriados
  4064 | Ossuary  | Reached skill level 5 in Ice Magic
  4200 | Ossuary  | Reached skill level 1 in Long Blades
  4365 | Ossuary  | Reached XP level 7. HP: 44/50 MP: 13/13
  4443 | Ossuary  | Reached skill level 2 in Long Blades
  4671 | Ossuary  | Reached **** piety under Cheibriados
  4674 | Ossuary  | Gained mutation: You regenerate a little health from kills.
                  | [demonic ancestry]
  4674 | Ossuary  | Reached XP level 8. HP: 23/56 MP: 10/15
  4935 | Ossuary  | Reached skill level 5 in Spellcasting
  5012 | D:5      | Reached skill level 3 in Long Blades
  5065 | D:5      | Found a runed translucent door.
  5065 | D:5      | Noticed Amplified's ghost (novice MiWr)
  6179 | D:6      | Reached skill level 4 in Long Blades
  6282 | D:6      | Noticed Pikel
  6289 | D:6      | Killed Pikel
  6290 | D:6      | Reached skill level 5 in Armour
  6290 | D:6      | Gained mutation: Your demonic aura sometimes causes spilled
                  | blood to erupt in flames. [demonic ancestry]
  6290 | D:6      | Reached XP level 9. HP: 61/61 MP: 5/16
  7243 | D:7      | Reached skill level 5 in Long Blades
  7430 | D:7      | Found a staircase to the Ecumenical Temple.
  7978 | D:8      | Reached ***** piety under Cheibriados
  7979 | D:8      | Reached skill level 5 in Dodging
  8018 | D:8      | Found a burning altar of Makhleb.
  8086 | D:8      | Reached skill level 6 in Long Blades
  8426 | D:8      | Found Veos's Assorted Antiques.
  8436 | D:8      | Reached XP level 10. HP: 67/67 MP: 17/17
  8442 | D:8      | Bought a buckler for 99 gold pieces
  8442 | D:8      | Bought a black potion for 19 gold pieces
  8790 | D:8      | Identified a scroll of acquirement
  8790 | D:8      | Acquired the +2 pair of gloves of Fisi {rPois}
  9092 | D:9      | Found Puxkifog's Book Boutique.
  9127 | D:9      | Found Joankano's General Store.
  9135 | D:9      | Bought a scroll of teleportation for 42 gold pieces
  9135 | D:9      | Bought a potion of curing for 42 gold pieces
  9213 | D:9      | Reached skill level 1 in Shields
  9253 | D:9      | Found a broken altar of Ashenzari.
  9318 | D:9      | Found Xahopukh's Armour Emporium.
  9325 | D:9      | Bought a +1 pair of boots of stealth for 264 gold pieces
  9578 | D:10     | Entered Level 10 of the Dungeon
  9585 | D:10     | Noticed a death yak
  9647 | D:10     | Found a staircase to the Lair.
  9647 | D:10     | Noticed a death yak
  9647 | D:10     | Noticed a death yak
  9647 | D:10     | Noticed a death yak
  9647 | D:10     | Noticed a death yak
  9657 | D:9      | Killed a death yak
  9764 | D:9      | Killed a death yak
  9765 | D:9      | Reached skill level 7 in Long Blades
  9823 | D:9      | Killed a death yak
  9855 | D:9      | Killed a death yak
  9910 | D:10     | Killed a death yak
  9911 | D:10     | Reached skill level 8 in Long Blades
  9911 | D:10     | Reached XP level 11. HP: 46/77 MP: 16/18
 10465 | D:10     | Noticed Snorg
 10474 | D:10     | Reached ****** piety under Cheibriados
 10483 | D:10     | Killed Snorg
 10749 | D:11     | Found a staircase to the Orcish Mines.
 10758 | D:11     | Noticed Urug
 10805 | D:11     | Killed Urug
 10935 | D:11     | Noticed a two-headed ogre
 10941 | D:11     | Killed a two-headed ogre
 10942 | D:11     | Reached skill level 5 in Fighting
 10955 | D:11     | Reached skill level 9 in Long Blades
 11514 | Lair:1   | Entered Level 1 of the Lair of Beasts
 11571 | Lair:1   | Noticed a five-headed hydra
 11584 | Lair:1   | Killed a five-headed hydra
 11716 | Lair:1   | Noticed an eight-headed hydra
 11728 | Lair:1   | Killed an eight-headed hydra
 11865 | Lair:1   | Found a dark tunnel.
 11940 | Lair:1   | Reached XP level 12. HP: 87/87 MP: 19/19
 12087 | Lair:1   | Acquired Sif Muna's Disquisition on Orientation and
                  | Changing
 12092 | Lair:1   | Learned a level 2 spell: Passwall
 12644 | Lair:2   | Reached skill level 10 in Long Blades
 12688 | Lair:2   | Noticed a five-headed hydra
 12697 | Lair:2   | Killed a five-headed hydra
 12698 | Lair:2   | Reached skill level 1 in Transmutations
 12698 | Lair:2   | Reached skill level 1 in Earth Magic
 13475 | Lair:3   | Noticed Nergalle
 13486 | Lair:3   | Killed Nergalle
 13487 | Lair:3   | Reached skill level 1 in Invocations
 13733 | Lair:3   | Found a staircase to the Snake Pit.
 13909 | Lair:3   | Found a staircase to the Swamp.
 14441 | Lair:4   | Noticed a five-headed hydra
 14459 | Lair:4   | Killed a five-headed hydra
 14549 | Lair:4   | Reached skill level 11 in Long Blades
 14611 | Lair:4   | Learned a level 3 spell: Stone Arrow
 14655 | Lair:4   | Gained mutation: You have claws for feet. [demonic
                  | ancestry]
 14655 | Lair:4   | Reached XP level 13. HP: 94/94 MP: 14/20
 15365 | Lair:5   | Reached skill level 5 in Invocations
 15367 | Lair:5   | Noticed Rupert
 15378 | Lair:5   | Mangled by Rupert

Illustrated notes

Levels and vault maps discovered:
D:1:      dpeg_arrival_oval, layout_loops_ring, serial_shops,
          nicolae_shop_crystal, ebering_ecumenical_altar_hall
D:2:      layout_loops_ring, basic_altar, uniq_jessica
D:3:      layout_rooms, nicolae_overflow_hidden_temple, due_unseen_surprise
D:4:      layout_basic, lemuel_coloured_pillars_altar,
          mainiacjoe_overflow_boulevard, mainiacjoe_overflow_divided_tiny
D:5:      layout_loops_ring, lightli_ossuary_entry_decrepit_ruins,
          gammafunk_ghost_grave, grunt_tough_drop
D:6:      layout_basic, uniq_pikel
D:7:      layout_basic, minmay_temple_entry_waves
D:8:      layout_loops_ring, mainiacjoe_overflow_paths, serial_shops, shop
D:9:      layout_loops_ring, lemuel_round_altar, serial_shops, shop,
          kennysheep_mini_moat, nicolae_shop_crystal
D:10:     layout_stronghold, dpeg_lair_monsters, small_chamber_with_monster,
          uniq_snorg
D:11:     lemuel_ice_statue, layout_long_grid, orc_0_dummy, uniq_urug
Lair:1:   layout_cave_pods, enter_volcano_2, beast_lair_carwin_4,
          infiniplex_staircase_pool, serial_bayou_shore_a
Lair:2:   layout_chaotic_city, serial_bayou_lake_a, grunt_megastairs_3
Lair:3:   layout_cave_shapes, swamp_mist, minmay_snake_entry_guardpost_small,
          chequers_serial_rivers_small_a, infiniplex_staircase_pool_2,
          uniq_nergalle
Lair:4:   kb_forest_paths, layout_cave_pods, beast_lair_carwin_7
Lair:5:   minmay_guarded_unrand_snakebite, layout_loops_ring, slime_altar_1,
          special_room [special_room_bee], minivault_27, minivault_26,
          grunt_megastairs_4, uniq_rupert

Skill      XL: |  1  2  3  4  5  6  7  8  9 10 11 12 13 |
---------------+----------------------------------------+-----
Stealth        | 2 |  2.0
Dodging        | 2 3 5 6 7 8 |  8.8
Ice Magic      | 4 5 7 |  7.0
Spellcasting   | 3 4 5 |  5.0
Fighting       | 1 2 4 5 6 |  6.8
Armour         | 1 2 3 5 6 7 8 9 |  9.4
Long Blades    | 1 2 4 6 8 9 11 | 11.3
Shields        | 3 4 |  4.0
Transmutations | 3 4 |  4.0
Earth Magic    | 3 |  3.9
Invocations    | 3 5 |  5.0

Action                   |  1- 3 |  4- 6 |  7- 9 | 10-12 | 13-15 || total
-------------------------+-------+-------+-------+-------+-------++-------
Melee: Dagger            |    35 |    69 |       |       |       ||   104
       Unarmed           |     1 |       |       |       |       ||     1
       Kick              |     2 |    49 |   134 |    28 |    69 ||   282
       Falchion          |       |    42 |   218 |   168 |       ||   428
       Double sword      |       |       |       |   263 |    99 ||   362
       Whip              |       |       |       |    28 |     2 ||    30
 Cast: Freeze            |    30 |    23 |     3 |       |       ||    56
       Frozen Ramparts   |       |     6 |    23 |     9 |       ||    38
       Ozocubu's Armour  |       |     1 |     2 |    19 |     4 ||    26
       Stone Arrow       |       |       |       |     3 |     2 ||     5
Invok: Slouch            |       |       |     2 |       |       ||     2
Evoke: Wand              |       |       |       |       |     1 ||     1
  Use: Scroll            |     5 |     6 |     6 |    11 |     1 ||    29
       Potion            |       |       |       |     1 |     2 ||     3
 Stab: Sleeping          |     6 |     4 |     4 |     2 |     2 ||    18
       Invisible         |       |       |       |     2 |       ||     2
       Distracted        |       |       |       |     1 |       ||     1
Armor: Robe              |    14 |     1 |       |       |       ||    15
       Quicksilver drago |       |    70 |   108 |   218 |    55 ||   451
       Ring mail         |       |     8 |       |       |       ||     8
Dodge: Dodged            |    40 |   104 |   165 |   424 |   111 ||   844
Block: Buckler           |       |       |       |   173 |    62 ||   235
       Rpst.: Falchion   |       |    11 |    47 |    43 |       ||   101
       Double sword      |       |       |       |    61 |    28 ||    89
